 Dungeon Crawl Stone Soup version 0.24-a0-459-g225fefd530 (webtiles) character file.

Game seed: 8113259971522634924

72 Azzok the Insei (level 4, 0/28 HPs)
             Began as an Octopode Transmuter on June 28, 2019.
             Killed from afar by Natasha (6 damage)
             ... with a puff of flame
             ... on level 2 of the Dungeon.
             The game lasted 00:01:26 (2036 turns).

Azzok the Insei (Octopode Transmuter)               Turns: 2036, Time: 00:01:27

Health: 0/28       AC:  1    Str:  9    XL:     4   Next: 26%
Magic:  7/7        EV: 14    Int: 16    God:
Gold:   86         SH:  0    Dex: 12    Spells: 6/7 levels left

rFire    . . .     SeeInvis .     - Unarmed
rCold    . . .     Gourm    .   (no shield)
rNeg     . . .     Faith    .   (helmet restricted)
rPois    .         Spirit   .   (no amulet)
rElec    .         Reflect  .   (no ring)
rCorr    .         Harm     .   (no ring)
MR       .....                  (no ring)
Stlth    ++........             (no ring)
HPRegen  0.09/turn              (no ring)
MPRegen  0.10/turn              (no ring)
                                (no ring)
                                (no ring)

@: no status effects
A: almost no armour, stealthy swim, amphibious, 8 rings, constrict 8, camouflage
1, gelatinous body 1
a: no special abilities


You were on level 2 of the Dungeon.
You were not hungry.

You visited 1 branch of the dungeon, and saw 2 of its levels.

You collected 86 gold pieces.

Inventory:

Missiles
 a - 28 arrows
Scrolls
 b - 5 scrolls of identify {unknown}
 d - 3 scrolls of remove curse {unknown}
 f - 3 scrolls of amnesia {unknown}
 i - a scroll of enchant weapon {unknown}
 j - a scroll of teleportation {unknown}
Potions
 e - a potion of invisibility {unknown}
 g - a potion of flight {unknown}
 h - a potion of magic {unknown}
 k - a potion of lignification {unknown}
 m - a potion of might {unknown}
Comestibles
 c - 3 rations


   Skills:
 - Level 1.0 Fighting
 + Level 3.0 Dodging
 + Level 3.7 Unarmed Combat
 - Level 2.0 Spellcasting
 + Level 3.0 Transmutations


You had 6 spell levels left.
You knew the following spells:

 Your Spells              Type           Power        Failure   Level  Hunger
a - Beastly Appendage     Tmut           ##....       6%          1    #......

Your spell library contained the following spells:

 Spells                   Type           Power        Failure   Level  Hunger
 Sticks to Snakes         Tmut           ##......     9%          2    ###....
 Spider Form              Tmut/Pois      #.........   32%         3    ###....
 Ice Form                 Ice/Tmut       #.......     73%         4    #####..
 Blade Hands              Tmut           ##........   86%         5    ######.


Dungeon Overview and Level Annotations

Branches:
Dungeon (2/15)

Altars:

Annotations:
D:2 Natasha


Innate Abilities, Weirdness & Mutations

You cannot wear most types of armour.
You are very stealthy in the water. (Stealth+)
You are amphibious.
You can wear up to eight rings at the same time.
You can use your tentacles to constrict eight enemies at once.
Your skin changes colour to match your surroundings (Stealth+).
Your rubbery body absorbs attacks. (AC +1, EV +1)


Message History

All of the chunks of flesh in your inventory have rotted away.
Natasha, Servant of Life and Death comes into view.
She is carrying a wand of flame (11).
Natasha moves out of view.
Natasha is too close now for your liking.
Natasha is nearby!
Natasha hisses angrily.
Natasha hisses.
Natasha casts a spell at you. The magic dart hits you!
Natasha zaps a wand.
The puff of flame hits you!
Natasha hisses.
Natasha stares at you and mumbles some strange words.
The magic dart hits you.
* * * LOW HITPOINT WARNING * * *
You closely miss Natasha. You grab Natasha. You constrict Natasha.
Natasha barely misses you.
You tentacle-slap Natasha. You squeeze Natasha.
Natasha is heavily wounded.
You constrict Natasha.
Natasha zaps a wand.
The puff of flame hits you.
You die...

▒·▒▒·▒ ▒▒▒·▒▒·▒▒▒▒▒▒▒▒▒▒▒▒▒▒▒▒
▒·····················▒
▒▒▒·▒▒·▒▒▒▒·▒▒▒▒▒▒▒▒▒▒▒
▒····▒▒▒▒·▒▒▒▒▒ ▒··········)··▒
▒▒▒··▒▒▒▒··▒▒·▒
▒▒▒▒▒▒··▒▒▒▒··▒▒·▒
▒·······h@····▒▒·▒ ▒▒▒▒
▒▒▒▒····▒········▒ ····
▒····▒▒▒···▒▒·▒ ▒···
▒··········▒▒·▒▒▒▒▒▒▒▒
▒▒···················▒ ▒▒▒
▒···▒·▒▒··▒▒·▒·▒▒▒▒▒▒ ▒·▒
▒···▒)▒▒··▒▒·▒·▒▒▒▒▒
▒▒▒·▒▒▒▒▒▒▒▒···▒·▒▒···········▒
÷···················▒·▒·▒·▒·▒·▒


You could see Natasha.

Vanquished Creatures
  Natasha (D:2)
  A gnoll (D:1)
  An adder (D:2)
  A dart slug (D:1)
  A leopard gecko (D:1)
  6 bats
  A giant cockroach (D:1)
  3 goblins
  5 hobgoblins
  2 frilled lizards
  2 kobolds (D:1)
  3 rats
27 creatures vanquished.

Notes
Turn   | Place    | Note
-------+----------+-------------------------------------------
     0 | D:1      | Azzok the Octopode Transmuter began the quest for the Orb.
     0 | D:1      | Reached XP level 1. HP: 13/13 MP: 3/3
   104 | D:1      | Reached XP level 2. HP: 7/18 MP: 5/5
   817 | D:1      | Reached XP level 3. HP: 21/23 MP: 6/6
  1448 | D:2      | Noticed Natasha
  1456 | D:2      | HP: 1/23 [Natasha/puff of flame (5)]
  1457 | D:2      | Killed Natasha
  1457 | D:2      | Reached XP level 4. HP: 1/28 MP: 7/7
  2026 | D:2      | Noticed Natasha
  2036 | D:2      | Killed from afar by Natasha

Levels and vault maps discovered:
D:1:      psy_arrival_radial01, layout_basic
D:2:      layout_basic, uniq_natasha

Skill      XL: |  1  2  3  4 |
---------------+-------------+-----
Dodging        | 3 |  3.0
Transmutations | 3 |  3.0
Fighting       | |  1.0
Unarmed Combat | |  3.7
Spellcasting   | |  2.0

Action                   |  1- 3 |  4- 6 || total
-------------------------+-------+-------++-------
Melee: Unarmed           |    50 |    17 ||    67
       Constrict         |    13 |     5 ||    18
       Tentacles         |    10 |     2 ||    12
       Punch             |     1 |     1 ||     2
 Stab: Sleeping          |     3 |       ||     3
  Eat: Chunk             |     2 |     1 ||     3
Armor: Skin              |     5 |       ||     5
Dodge: Dodged            |    36 |    14 ||    50

Table legend:
 A = Non-vault XP
 B = Vault XP
 C = Vault XP percentage of total XP
 D = Non-vault monster count
 E = Vault monster count
 F = Vault count percentage of total count
                 A         B        C        D         E       F
            +---------+---------+-------+---------+---------+-------
      Total |      67 |      37 |  35.6 |      26 |       1 |   3.7
            +---------+---------+-------+---------+---------+-------
        D:1 |      40 |       0 |   0.0 |      16 |       0 |   0.0
        D:2 |      27 |      37 |  57.8 |      10 |       1 |   9.1
            +---------+---------+-------+---------+---------+-------
